 Dungeon Crawl Stone Soup version 0.23-a0-389-g4a5eb33 (webtiles) character file.

726 Garbasso the Firebug (level 7, 0/46 HPs)
             Began as an Octopode Fire Elementalist on Oct 29, 2018.
             Was a Follower of Vehumet.
             Slain by a hippogriff (7 damage)
             ... on level 7 of the Dungeon.
             The game lasted 00:20:45 (5303 turns).

Garbasso the Firebug (Octopode Fire Elementalist)   Turns: 5303, Time: 00:20:46

Health: 0/46       AC:  1    Str:  8    XL:     7   Next: 72%
Magic:  0/14       EV: 19    Int: 19    God:    Vehumet [*.....]
Gold:   153        SH:  0    Dex: 17    Spells: 5/15 levels left

rFire    . . .     SeeInvis .   s - +0 dagger
rCold    . . .     Gourm    .   (no shield)
rNeg     . . .     Faith    .   (helmet restricted)
rPois    .         Spirit   .   (no amulet)
rElec    .         Reflect  .   (no ring)
rCorr    .         Harm     .   (no ring)
MR       .....                  (no ring)
Stlth    ++++......             (no ring)
HPRegen  0.15/turn              (no ring)
MPRegen  0.14/turn              (no ring)
                                (no ring)
                                (no ring)

@: agile, very slightly contaminated
A: almost no armour, stealthy swim, amphibious, 8 rings, constrict 8, camouflage
1, gelatinous body 1
a: Renounce Religion


You were on level 7 of the Dungeon.
You worshipped Vehumet.
Vehumet was aware of your devotion.
You were not hungry.

You visited 2 branches of the dungeon, and saw 7 of its levels.

You collected 243 gold pieces.
You spent 90 gold pieces at shops.

Inventory:

Hand Weapons
 s - a +0 dagger (weapon)
Scrolls
 a - 2 scrolls of remove curse
 c - a scroll of fog
 d - a scroll of immolation {unknown}
 e - 2 scrolls of teleportation {unknown}
 i - a scroll of blinking {unknown}
 m - a scroll of magic mapping {unknown}
 p - 3 scrolls of identify
Potions
 f - a potion of mutation
 j - a potion of brilliance
 k - 2 potions of cancellation
 l - 3 potions of curing
 n - a potion of resistance {unknown}
 o - a potion of degeneration {unknown}
 q - 2 potions of magic {unknown}
Comestibles
 b - 9 rations
 r - 6 chunks of flesh


   Skills:
 + Level 3.0 Fighting
 - Level 2.0 Dodging
 - Level 2.6 Stealth
 * Level 4.9 Spellcasting
 + Level 3.6 Conjurations
 + Level 5.2 Fire Magic


You had 5 spell levels left.
You knew the following spells:

 Your Spells              Type           Power        Failure   Level  Hunger
a - Flame Tongue          Conj/Fire      ###..        1%          1    None
b - Throw Flame           Conj/Fire      ###...       3%          2    #......
c - Conjure Flame         Conj/Fire      ###.....     6%          3    ##.....
d - Sticky Flame          Conj/Fire      ###.....     21%         4    ####...

Your spell library contained the following spells:

 Spells                   Type           Power        Failure   Level  Hunger
 Sting                    Conj/Pois      ##..         6%          1    None
 Inner Flame              Hex/Fire       ##......     13%         3    ##.....
 Fireball                 Conj/Fire      ###.......   50%         5    ######.


Dungeon Overview and Level Annotations

Branches:
Dungeon (5/15)             Temple (1/1) D:4

Altars:
Elyvilon
Hepliaklqana
Qazlal
Trog
Uskayaw
Vehumet
Xom
Yredelemnul
Zin

Annotations:
D:3 2 transporters, DrakeDragon's ghost, amateur TeSu


Innate Abilities, Weirdness & Mutations

You cannot wear most types of armour.
You are very stealthy in the water. (Stealth+)
You are amphibious.
You can wear up to eight rings at the same time.
You can use your tentacles to constrict eight enemies at once.
Your skin changes colour to match your surroundings (Stealth+).
Your rubbery body absorbs attacks. (AC +1, EV +1)


Message History

The hippogriff completely misses you. The hippogriff pecks you.
The hippogriff closely misses you.
You hit the hippogriff. You squeeze the hippogriff.
The hippogriff is heavily wounded.
The hippogriff closely misses you. The hippogriff pecks you.
The hippogriff claws you!
* * * LOW HITPOINT WARNING * * *
You hit the hippogriff but do no damage.
You squeeze the hippogriff!
The hippogriff is severely wounded.
The hippogriff barely misses you. The hippogriff misses you. x2
Casting: Flame Tongue (safe; 1% risk of failure)
Confirm with . or Enter, or press ? or * to list all spells.
Aiming: Flame Tongue (safe; 1% risk of failure)
Press: ? - help, Shift-Dir - straight line, f/p - hippogriff
Aim: a hippogriff (severely wounded)
The flame tongue hits the hippogriff.
The hippogriff is almost dead.
The hippogriff misses you. The hippogriff pecks you!
You die...

...#.....#
#....#.#.#
..........# #
##....###.#
.## ##%#.# #.#
.... ###.###.#
...##
#.....##)....#
#.###(()).._..
#@# ####?#....
#H# # Y #.#
#ยง# #.# ..#
###


You could see a hippogriff.

Vanquished Creatures
  Grinder (D:4)
  An ogre (D:3)
  A big kobold (D:7)
  An orc priest (D:3)
  3 orc wizards
  Jessica (D:2)
  A mummy (D:4)
  Robin (D:4)
  4 gnolls
  7 adders
  An adder skeleton (D:4)
  4 worms
  2 dart slugs
  5 leopard geckos
  9 orcs
  2 giant cockroaches
  9 hobgoblins
  4 jackals (D:3)
  14 kobolds
  9 bats
  3 frilled lizards
  9 goblins
  2 hobgoblin zombies (D:4)
  A kobold zombie (D:4)
  An orc zombie (D:4)
  2 rats
98 creatures vanquished.

Notes
Turn   | Place    | Note
-------+----------+-------------------------------------------
     0 | D:1      | Garbasso the Octopode Fire Elementalist began the quest for
                  | the Orb.
     0 | D:1      | Reached XP level 1. HP: 11/11 MP: 3/3
   609 | D:1      | Reached XP level 2. HP: 17/17 MP: 0/5
   622 | D:1      | Learned a level 2 spell: Throw Flame
  1032 | D:2      | Noticed Jessica
  1038 | D:2      | Killed Jessica
  1038 | D:2      | Reached XP level 3. HP: 19/21 MP: 3/6
  1184 | D:2      | Reached skill level 4 in Fire Magic
  1191 | D:2      | Reached XP level 4. HP: 27/27 MP: 7/7
  1206 | D:2      | Learned a level 3 spell: Conjure Flame
  1821 | D:3      | Found a transporter.
  1894 | D:3      | Found a hazy altar of Hepliaklqana.
  1987 | D:3      | Found a transporter.
  1988 | D:3      | Noticed DrakeDragon's ghost (amateur TeSu)
  2010 | D:3      | Found a basalt altar of Yredelemnul.
  2154 | D:3      | Reached XP level 5. HP: 31/32 MP: 7/9
  2160 | D:3      | Learned a level 4 spell: Sticky Flame
  2299 | D:3      | Found a shimmering altar of Xom.
  2382 | D:3      | Found a white marble altar of Elyvilon.
  2415 | D:3      | Reached skill level 1 in Fighting
  3261 | D:4      | Found a staircase to the Ecumenical Temple.
  3288 | D:4      | Noticed an ogre
  3290 | Temple   | Entered the Ecumenical Temple
  3301 | Temple   | Became a worshipper of Vehumet
  3378 | D:4      | Noticed Robin
  3394 | D:4      | Killed Robin
  3394 | D:4      | Reached XP level 6. HP: 21/38 MP: 0/11
  4206 | D:4      | Found a bloodstained altar of Trog.
  4524 | D:4      | Noticed Grinder
  4527 | D:4      | Paralysed by Grinder for 2 turns
  4532 | D:4      | Killed Grinder
  4532 | D:4      | Reached skill level 5 in Fire Magic
  4532 | D:4      | Reached XP level 7. HP: 39/45 MP: 4/13
  4725 | D:4      | Reached * piety under Vehumet
  4725 | D:4      | Offered knowledge of Sting by Vehumet.
  4982 | D:4      | Found Zin's Purification Station.
  4987 | D:4      | Found a glowing silver altar of Zin.
  4990 | D:4      | Bought a potion of curing for 90 gold pieces
  5059 | D:5      | Entered Level 5 of the Dungeon
  5065 | D:5      | Noticed a dagger
  5066 | D:5      | Noticed a hand axe
  5089 | D:5      | Found a hide-covered altar of Uskayaw.
  5219 | D:5      | You fall through a shaft for 2 floors!
  5232 | D:7      | Found a stormy altar of Qazlal.
  5292 | D:7      | Noticed a hippogriff
  5303 | D:7      | Slain by a hippogriff

Vault maps used:
D:1:      minmay_arrival_four_circles, grunt_decor_one_mirror
D:2:      minmay_joined_circles, uniq_jessica
D:3:      lemuel_crystal_altar, lemuel_round_altar, yredelemnul_altar_generic,
          elyvilon_altar_5, first_ration, gammafunk_ghost_mausoleum
D:4:      kennysheep_mini, zin_purify, minmay_temple_entry_overgrown,
          serial_glass, glass_columns_c, glass_columns_a, minmay_mini_ossuary,
          uniq_robin, uniq_grinder
D:5:      kennysheep_mini_moat, dancing_weapons_uskayaw, serial_shops, shop,
          fedhas_bush_and_centaur_altar
D:7:      nicolae_overflow_crystal_walls, basic_altar, serial_shops, shop,
          grunt_ogre_cave, chequers_serial_rivers_room_a, minivault_23,
          serial_park_tiny_1
Temple:   nicolae_temple_figure_zero

Skill      XL: |  1  2  3  4  5  6  7 |
---------------+----------------------+-----
Fire Magic     | 4 5 |  5.2
Conjurations   | 2 3 |  3.6
Spellcasting   | 3 4 |  4.9
Fighting       | 1 2 3 |  3.0
Dodging        | |  2.0
Stealth        | |  2.6

Action                   |  1- 3 |  4- 6 |  7- 9 || total
-------------------------+-------+-------+-------++-------
Melee: Unarmed           |    13 |       |       ||    13
       Constrict         |    12 |    24 |     6 ||    42
       Tentacles         |     5 |    14 |     8 ||    27
       Short sword       |    23 |    90 |       ||   113
       Dagger            |       |       |    27 ||    27
 Cast: Flame Tongue      |    19 |    65 |    23 ||   107
       Conjure Flame     |       |     9 |     2 ||    11
       Throw Flame       |       |    14 |     1 ||    15
       Sticky Flame      |       |     3 |     3 ||     6
  Use: Potion            |     1 |       |     2 ||     3
       Scroll            |       |     4 |     5 ||     9
 Stab: Sleeping          |     1 |     3 |     1 ||     5
       Distracted        |       |     2 |       ||     2
  Eat: Chunk             |     1 |    10 |     3 ||    14
       Ration            |       |     1 |       ||     1
Armor: Skin              |    10 |     5 |     1 ||    16
Dodge: Dodged            |    46 |    73 |    28 ||   147

Table legend:
 A = Non-vault XP
 B = Vault XP
 C = Vault XP percentage of total XP
 D = Non-vault monster count
 E = Vault monster count
 F = Vault count percentage of total count
                 A         B        C        D         E       F
            +---------+---------+-------+---------+---------+-------
      Total |     601 |     437 |  42.1 |      64 |      34 |  34.7
            +---------+---------+-------+---------+---------+-------
        D:1 |      10 |       0 |   0.0 |       6 |       0 |   0.0
        D:2 |      27 |     104 |  79.4 |      14 |      17 |  54.8
        D:3 |     302 |       2 |   0.7 |      23 |       1 |   4.2
        D:4 |     136 |     331 |  70.9 |      12 |      16 |  57.1
        D:5 |      22 |       0 |   0.0 |       4 |       0 |   0.0
        D:7 |     104 |       0 |   0.0 |       5 |       0 |   0.0
            +---------+---------+-------+---------+---------+-------
